AoeStats
← Maverik

Arabia

510879094Analyzed
1v1 RM · 19h ago on Oct 2, 2026· 27m 32s· 2 players
Game mode
Random Map
Map size
Tiny (2 player)
Population
200
Speed
Normal
Resources
Standard
Victory
Conquest
Starting age
Dark Age
Ending age
Imperial Age
RankedLock teamsTeams togetherTeam positionsShared explorationLock speedFull tech treeHidden civsTurbo modeCheats
Victory
Defeat
🇩🇪 Britons · Germany
853
+17
🇦🇷 Berbers · Argentina
879
-17
Maverik
6:59 Loom
10:05 Feudal Age
11:38 Double-Bit Axe
13:36 Fletching
15:02 Horse Collar
16:04 Town Watch
16:52 Padded Archer Armor
23:05 Castle Age
22:21 Gold Mining
23:08 Crossbowman
23:45 Bodkin Arrow
WeeDay
15:36 Feudal Age
17:10 Loom
19:26 Castle Age
21:25 Stone Mining
21:22 Double-Bit Axe
21:19 Horse Collar
22:32 Bow Saw
Connection lost

Rejoining the realm…

Still unreachable

The connection could not be restored.

Session expired

The server has moved on; the page needs a fresh start.